 Dungeon Crawl Stone Soup version 0.28-a0-80-g9707f7362f (webtiles) character file.

Game seed: 2072743438313708689

31 HAL9000 the Changer (level 3, -2/28 HPs)
             Began as a Draconian Transmuter on Aug 5, 2021.
             Slain by Sigmund (8 damage)
             ... on level 2 of the Dungeon.
             The game lasted 00:01:07 (819 turns).

HAL9000 the Changer (Draconian Transmuter)           Turns: 819, Time: 00:01:08

Health: -2/28      AC:  5    Str: 12    XL:     3   Next: 7%
Magic:  6/6        EV: 12    Int: 14    God:
Gold:   50         SH:  0    Dex: 11    Spells: 5/6 levels left

rFire   . . .      SeeInvis .     - Unarmed
rCold   . . .      Faith    .   (no shield)
rNeg    . . .      Spirit   .   (armour unavailable)
rPois   .          Reflect  .   (helmet currently unavailable)
rElec   .          Harm     .   (no cloak)
rCorr   .          Rampage  .   (no gloves)
Will    .....                   (boots currently unavailable)
Stlth   +.........              e - amulet of regeneration
HPRegen 1.09/turn               (no ring)
MPRegen 0.10/turn               (no ring)

@: appendages (expiring), slowed, very slow
A: horns 2, talons 2, AC +5, unfitting armour, cold-blooded
a: End Transformation


You were on level 2 of the Dungeon.
You had temporarily grown beastly horns and talons.
You visited 1 branch of the dungeon, and saw 2 of its levels.

You collected 89 gold pieces.
You spent 39 gold pieces at shops.

Inventory:

Missiles
 g - 8 atropa-tipped darts
Jewellery
 e - an amulet of regeneration (around neck)
Scrolls
 a - a scroll of magic mapping {unknown}
 c - a scroll of enchant weapon {unknown}
 d - a scroll of identify {unknown}
 h - a scroll of teleportation
Potions
 b - a potion of flight {unknown}
 f - a potion of curing {unknown}


   Skills:
 - Level 1.1 Fighting
 - Level 1.7 Dodging
 - Level 3.0 Unarmed Combat
 - Level 2.0 Spellcasting
 + Level 3.6 Transmutations


You had 5 spell levels left.
You knew the following spells:

 Your Spells              Type           Power      Damage    Failure   Level
a - Beastly Appendage     Tmut           22%        N/A       5%          1

Your spell library contained the following spells:

 Spells                   Type           Power      Damage    Failure   Level
 Wereblood                Tmut           11%        N/A       9%          2
 Passwall                 Tmut/Erth      5%         N/A       17%         2
 Spider Form              Tmut/Pois      3%         N/A       34%         3
 Swiftness                Air            1%         N/A       56%         3
 Ice Form                 Ice/Tmut       6%         N/A       75%         4
 Invisibility             Hex            0%         N/A       100%        6


Dungeon Overview and Level Annotations

Branches:
Dungeon (2/15)

Altars:
Yredelemnul

Shops:
D:2 *

Annotations:
D:2 Sigmund


Innate Abilities, Weirdness & Mutations

You have temporarily grown beastly horns and talons.
Your plain brown scales are hard. (AC +5)
You cannot fit into any form of body armour.
You are cold-blooded and may be slowed by cold attacks.


Message History

The endoplasm quivers.
A bat and Sigmund come into view.
The bat moves out of view.
Sigmund shouts!
You hear an angry hiss.
A bat comes into view.
Sigmund mumbles some strange words.
Sigmund flickers and vanishes!
Deactivating autopickup; reactivate with Ctrl-A.
The bat moves out of view.
An adder comes into view.
The adder hisses angrily.
Something hits you but does no damage. The endoplasm freezes you.
You are frozen.
You feel yourself slow down.
Found 18 sling bullets.
You hit the endoplasm.
The endoplasm is almost dead.
The endoplasm hits you.
Unknown command.
The bat hits you but does no damage. The bat misses you.
You feel yourself speed up.
The bat hits you but does no damage. x2; The endoplasm closely misses you.
Something hits you!
Found a dagger.
You closely miss the bat. The bat hits you but does no damage.
The bat completely misses you. Something hits you! The adder barely misses you.
The endoplasm misses you. The bat hits you but does no damage.
The bat closely misses you. The bat misses you. Something hits you!
* * * LOW HITPOINT WARNING * * *
The endoplasm freezes you.
You are frozen.
* * * LOW HITPOINT WARNING * * *
You feel yourself slow down.
Your transformation is almost over.
The bat misses you. Something hits you.
* * * LOW HITPOINT WARNING * * *
The bat misses you. The endoplasm closely misses you.
The bat hits you but does no damage. The bat misses you.
The bat hits you but does no damage. Something hits you!
You die...

#...#...............# #.#
#...#...............# #.# ..
##...#.._............# #.# ....
.............###'###.# #.##.....
######.....#####.# #.###........
.........>...)...###............
#########..........b...#####....
....... ...#..#..###.).#...# ...
####### #.@bJbS...# (. # ######
#...####...#...# . # #....#
##.......#.##### # #....#
............. # #....#
###.#######.#(.. # #....# #..
...... ###....#######..## ..####
.......'....##...# ..#
###....####.##.#.# ...#


You could see an adder, an endoplasm and 2 bats.

Vanquished Creatures
  4 ball pythons
  3 bats
  An endoplasm (D:2)
  5 goblins
  2 hobgoblins (D:1)
  2 jackals (D:2)
  5 kobolds
  2 frilled lizards
  2 rats
26 creatures vanquished.

Notes
Turn   | Place    | Note
-------+----------+-------------------------------------------
     0 | D:1      | HAL9000 the Draconian Transmuter began the quest for the
                  | Orb.
     0 | D:1      | Reached XP level 1. HP: 16/16 MP: 3/3
   274 | D:1      | Reached XP level 2. HP: 23/23 MP: 3/5
   688 | D:2      | Reached XP level 3. HP: 23/28 MP: 4/6
   766 | D:2      | Found a basalt altar of Yredelemnul.
   785 | D:2      | Found Jihanom's General Store.
   793 | D:2      | Bought a scroll of teleportation for 39 gold pieces
   809 | D:2      | Noticed Sigmund
   819 | D:2      | Slain by Sigmund

Illustrated notes

Levels and vault maps discovered:
D:1:      amcnicky_arrival_flooded_fountain, layout_rooms
D:2:      layout_basic, serial_shops, shop, shop, shop, shop_fountains,
          basic_altar, minmay_distorted, uniq_sigmund

Skill      XL: |  1  2 |
---------------+-------+-----
Transmutations | 3 |  3.6
Fighting       | |  1.1
Dodging        | |  1.7
Unarmed Combat | |  3.0
Spellcasting   | |  2.0

Action                   || total
-------------------------++-------
Melee: Unarmed           ||    80
       Headbutt          ||     3
       Tailslap          ||     4
       Kick              ||     7
 Cast: Beastly Appendage ||    13
Armor: Skin              ||    37
Dodge: Dodged            ||    56

Table legend: (Time is in decaauts)
 A = Elapsed time spent in this place.
 B = Non-inter-level travel time spent in this place.
 C = Inter-level travel time spent in this place.
 D = Time resting spent in this place.
 E = Time spent auto-exploring this place.
 F = Levels seen in this place.
 G = Mean time per level.
                   A        B        C        D        E       F      G
               +--------+--------+--------+--------+--------+-----+--------+
         Total |    817 |    801 |     16 |      5 |    619 |   2 |  408.5 |
       Dungeon |    817 |    801 |     16 |      5 |    619 |   2 |  408.5 |
               +--------+--------+--------+--------+--------+-----+--------+

Top non-repeatable levels by time:
     D:1: 595 daAuts
     D:2: 222 daAuts
